 Dungeon Crawl Stone Soup version 0.31.0-11-ge490571c62 (webtiles) character file.

Game seed: 3776787190843604978

3939 qw the Nimble (level 10, -7/50 HPs)
             Began as a Spriggan Hunter on Feb 4, 2024.
             Engulfed by a cloud of steam (11 damage)
             ... on level 8 of the Dungeon.
             The game lasted 00:01:34 (5848 turns).

qw the Nimble (Spriggan Hunter)                     Turns: 5848, Time: 00:01:35

Health: -7/50      AC:  4    Str:  7    XL:     10   Next: 1%
Magic:  11/11      EV: 33    Int: 11    God:
Gold:   132        SH:  5    Dex: 29    Spells: 9/9 levels left

rFire   . . .        l - +0 orcbow
rCold   . . .        (shield currently unavailable)
rNeg    . . .        c - +0 robe
rPois   .            g - +2 hat
rElec   .            (no cloak)
rCorr   +            (gloves unavailable)
SInv    +            (boots unavailable)
Will    +....        d - amulet of reflection
Stlth   +++          m - ring of resist corrosion
HPRegen 0.28/turn    n - +6 ring of dexterity
MPRegen 0.12/turn

%: reflection
@: very quick
A: very small, no large weapons, unfitting armour, see invisible, speed 3
a: no special abilities


You were on level 8 of the Dungeon.
You visited 2 branches of the dungeon, and saw 9 of its levels.
You also visited: Sewer.

You collected 432 gold pieces.
You spent 300 gold pieces at shops.


Innate Abilities, Weirdness & Mutations

You are very small and have problems with some larger weapons.
You are too small for most types of armour.
You have supernaturally acute eyesight. (SInv)
You cover ground extremely quickly. (Speed+++)


   Skills:
 - Level 4.2 Fighting
 + Level 10.9 Ranged Weapons
 - Level 12.1 Dodging
 - Level 1.5 Stealth


You had 9 spell levels left.
You didn't know any spells.
Your spell library was empty.

Inventory:

Hand Weapons
 l - a +0 orcbow (weapon)
Armour
 c - a +0 robe (worn)
 g - a +2 hat (worn)
Jewellery
 b - a ring of wizardry
 d - an amulet of reflection (around neck)
 m - a ring of resist corrosion (left hand)
 n - a +6 ring of dexterity (right hand)
Wands
 i - a wand of digging (5)
 q - a wand of iceblast (17)
Scrolls
 a - a scroll of revelation {unknown}
 e - a scroll of identify
Potions
 f - 2 potions of enlightenment
 h - 2 potions of mutation
 j - a potion of might
 k - 6 potions of curing

Dungeon Overview and Level Annotations

Branches:
Dungeon (8/15)             Temple (1/1) D:6            Lair (0/5) D:8
  Sewer (visited)

Altars:
Ashenzari
Cheibriados
Dithmenos
Elyvilon
Fedhas
Gozag
Hepliaklqana
Kikubaaqudgha
Makhleb
Nemelex Xobeh
Qazlal
Ru
Sif Muna
Trog
Vehumet
Wu Jian
Xom
Yredelemnul
Zin
The Shining One

Shops:
D:5 !

Annotations:
D:6 Dowan, Duvessa
D:7 3 runed translucent doors, qw's ghost, amateur DEHu


Message History

e - a scroll of identify You see here a serpent talisman.
You see here a serpent talisman.
A steam dragon comes into view.
You shoot an arrow.
The arrow hits the steam dragon but does no damage.
The steam dragon hisses angrily.
You shoot an arrow.
The arrow barely misses the steam dragon.
The steam dragon breathes steam at you. The ball of steam hits you!
You shoot an arrow.
The arrow hits the steam dragon but does no damage.
You are engulfed in a cloud of scalding steam.
You shoot an arrow. The arrow hits the steam dragon.
The steam dragon is lightly wounded.
You are engulfed in a cloud of scalding steam.
The steam dragon completely misses you. The steam dragon misses you.
You shoot an arrow. The arrow hits the steam dragon!
The steam dragon is severely wounded.
You are engulfed in a cloud of scalding steam.
The steam dragon breathes steam at you. The ball of steam hits you!
You shoot an arrow. The arrow hits the steam dragon.
The steam dragon is almost dead.
You are engulfed in a cloud of scalding steam.
The steam dragon completely misses you. x2
You shoot an arrow. The arrow hits the steam dragon.
The steam dragon is almost dead.
The steam dragon breathes steam at you. The ball of steam misses you.
You shoot an arrow. The arrow hits the steam dragon.
The steam dragon is almost dead.
You are engulfed in a cloud of scalding steam.
The steam dragon bites you! The steam dragon completely misses you.
You shoot an arrow. The arrow hits the steam dragon!!
You kill the steam dragon!
The steam dragon scales are intact enough to wear.
You are engulfed in a cloud of scalding steam.
You die...

%%..##.##....## #####
.##...........#####....!
###..........>..........
.##...........###.....##
.##.......<.[...........
P.#...........###.....#
).#..........####.....#
..........#.......#.#
P....#.####..###@[..#
.....#.# #..# #.#......
...P.#.####..# #....####
.P...#......|# ####...
.....#######.# ####
...P.# #.# .....# #.#
#.# #.#


There were no monsters in sight!

Vanquished Creatures
  A wyvern (D:8)
  2 yaks (D:8)
  A steam dragon (D:8)
  4 water moccasins
  An acid dragon (D:8)
  3 black bears
  2 orc warriors
  A sky beast (D:7)
  An ice beast (D:4)
  2 ogres
  2 centaurs
  4 bullfrogs
  A gnoll sergeant (D:8)
  A brain worm (Sewer)
  3 scorpions
  8 wights
  A howler monkey (D:7)
  A crimson imp (D:4)
  2 bombardier beetles
  6 hounds
  A jelly (D:4)
  A sleepcap (D:4)
  3 orc priests
  6 iguanas
  Terence (D:2)
  3 orc wizards
  12 adders
  6 gnolls
  3 river rats (Sewer)
  3 ribbon worms
  A dart slug (Sewer)
  18 orcs
  10 endoplasms
  5 giant cockroaches
  8 goblins
  7 hobgoblins
  8 jackals
  8 kobolds
  5 quokkas
  8 ball pythons
  9 bats
  8 frilled lizards
  3 hobgoblin zombies (D:4)
  A kobold skeleton (D:4)
  An orc skeleton (D:4)
  3 orc zombies (D:4)
  24 rats
213 creatures vanquished.

Notes
Turn   | Place    | Note
-------+----------+-------------------------------------------
     0 | D:1      | qw the Spriggan Hunter began the quest for the Orb.
     0 | D:1      | Reached XP level 1. HP: 10/10 MP: 2/2
     0 | D:1      | 0 ||| qw: Version: 0.3-a-160-g6735b56
     0 | D:1      | 0 ||| qw: Game counter: 5728
     0 | D:1      | 0 ||| qw: Melee chars always use a shield: true
     0 | D:1      | 0 ||| qw: God list: Okawaru
     0 | D:1      | 0 ||| qw: Allow faded altars: false
     0 | D:1      | 0 ||| qw: Do Orc after clearing Dungeon:15 true
     0 | D:1      | 0 ||| qw: Do second Lair branch before Depths: true
     0 | D:1      | 0 ||| qw: Lair rune preference: random
     0 | D:1      | 0 ||| qw: Goals: Normal
     0 | D:1      | 0 ||| PLANNING D:1-11
   155 | D:1      | Reached skill level 3 in Dodging
   250 | D:1      | Reached XP level 2. HP: 14/14 MP: 3/3
   402 | D:1      | Reached skill level 4 in Dodging
   673 | D:1      | 673 ||| UPGRADING to amulet of reflection.
   678 | D:1      | 678 ||| READING 2 scrolls labelled ZOACVU AK SIM.
   678 | D:1      | 678 ||| IDENTIFYING bubbling white potion
   679 | D:1      | 679 ||| READING scroll of identify.
   679 | D:1      | 679 ||| IDENTIFYING purple potion
   680 | D:1      | 680 ||| READING scroll labelled PEINI SOELLY.
   681 | D:1      | 681 ||| READING scroll labelled CINEIM JOZIRAF.
   682 | D:1      | 682 ||| READING scroll labelled NIONIERPHAI.
   682 | D:1      | 682 ||| BRANDING +0 shortbow.
   683 | D:1      | 683 ||| DRINKING 2 amethyst potions.
   684 | D:1      | 684 ||| DROPPING scroll of butterflies.
   685 | D:1      | 685 ||| DROPPING potion of ambrosia.
   746 | D:2      | Reached XP level 3. HP: 18/18 MP: 4/4
   776 | D:2      | Noticed Terence
   781 | D:2      | Killed Terence
   799 | D:2      | Reached XP level 4. HP: 17/22 MP: 5/5
  1004 | D:2      | Reached skill level 5 in Dodging
  1215 | D:2      | 1215 ||| READING scroll of identify.
  1215 | D:2      | 1215 ||| IDENTIFYING glowing golden potion
  1216 | D:2      | 1216 ||| READING scroll labelled XUHUURYFIUC.
  1217 | D:2      | 1217 ||| DROPPING potion of degeneration.
  1362 | D:3      | Found an ornate altar of the Wu Jian Council.
  1569 | D:3      | Reached XP level 5. HP: 26/26 MP: 6/6
  1819 | D:4      | 1819 ||| PLANNING SEWER
  1820 | D:4      | 1820 ||| STAIRDANCE
  1970 | D:4      | Noticed an ice beast
  1971 | D:4      | 1971 ||| DRINKING potion of haste.
  1981 | D:4      | Killed an ice beast
  1982 | D:4      | Reached skill level 6 in Ranged Weapons
  1982 | D:4      | Reached XP level 6. HP: 30/30 MP: 7/7
  2012 | D:4      | Found a glowing golden altar of the Shining One.
  2126 | D:4      | Reached skill level 6 in Dodging
  2146 | D:4      | 2146 ||| FLEEEEING.
  2147 | D:4      | 2147 ||| FLEEEEING.
  2148 | D:4      | 2148 ||| FLEEEEING.
  2150 | D:4      | 2150 ||| FLEEEEING.
  2151 | D:4      | 2151 ||| FLEEEEING.
  2153 | D:4      | 2153 ||| FLEEEEING.
  2154 | D:4      | 2154 ||| FLEEEEING.
  2155 | D:4      | 2155 ||| FLEEEEING.
  2157 | D:4      | 2157 ||| FLEEEEING.
  2158 | D:4      | 2158 ||| FLEEEEING.
  2160 | D:4      | 2160 ||| FLEEEEING.
  2161 | D:4      | 2161 ||| FLEEEEING.
  2162 | D:4      | 2162 ||| FLEEEEING.
  2164 | D:4      | 2164 ||| FLEEEEING.
  2166 | D:4      | 2166 ||| FLEEEEING.
  2168 | D:4      | 2168 ||| FLEEEEING.
  2170 | D:4      | 2170 ||| STAIRDANCE
  2187 | D:3      | 2187 ||| READING scroll labelled HEHE COMUXKICOUS.
  2188 | D:3      | 2188 ||| READING scroll labelled NUNEVV EVUTH.
  2377 | D:4      | Found a shimmering altar of Xom.
  2441 | D:4      | Reached XP level 7. HP: 35/35 MP: 8/8
  2620 | D:4      | Found a glowing drain.
  2621 | D:4      | 2621 ||| RIP SEWER
  2621 | D:4      | 2621 ||| PLANNING D:1-11
  2621 | D:4      | 2621 ||| READING 2 scrolls labelled LAHOUDGHOOMP.
  2638 | D:5      | Entered Level 5 of the Dungeon
  2638 | D:5      | Found an opulent altar of Gozag.
  2639 | D:5      | 2639 ||| STAIRDANCE
  2641 | D:4      | 2641 ||| PLANNING SEWER
  2701 | Sewer    | Entered a sewer
  2922 | Sewer    | Reached skill level 7 in Dodging
  3214 | Sewer    | 3214 ||| UPGRADING to +1 hat.
  3219 | Sewer    | 3219 ||| READING scroll of identify.
  3219 | Sewer    | 3219 ||| IDENTIFYING brown potion
  3220 | Sewer    | 3220 ||| READING scroll labelled VUBLOU GIBRURUA.
  3243 | D:4      | 3243 ||| PLANNING D:1-11
  3283 | D:5      | 3283 ||| STAIRDANCE
  3418 | D:5      | 3418 ||| STAIRDANCE
  3564 | D:5      | 3564 ||| RETREEEEATING.
  3599 | D:5      | Reached skill level 8 in Dodging
  3638 | D:5      | Reached XP level 8. HP: 39/39 MP: 9/9
  3643 | D:5      | Identified the +6 short sword "Diun Gohi" {venom, rF+
                  | Stlth+}
  3770 | D:5      | Found a bloodstained altar of Trog.
  3774 | D:5      | Found Oguf's Distillery.
  3784 | D:5      | 3784 ||| BUYING 2 potions of heal wounds (120 gold).
  3784 | D:5      | Bought 2 potions of heal wounds for 120 gold pieces
  3784 | D:5      | 3784 ||| BUYING potion of curing (36 gold).
  3784 | D:5      | Bought a potion of curing for 36 gold pieces
  3784 | D:5      | 3784 ||| BUYING potion of curing (36 gold).
  3784 | D:5      | Bought a potion of curing for 36 gold pieces
  3784 | D:5      | 3784 ||| BUYING potion of curing (36 gold).
  3784 | D:5      | Bought a potion of curing for 36 gold pieces
  3784 | D:5      | 3784 ||| BUYING potion of curing (36 gold).
  3784 | D:5      | Bought a potion of curing for 36 gold pieces
  3784 | D:5      | 3784 ||| BUYING potion of curing (36 gold).
  3784 | D:5      | Bought a potion of curing for 36 gold pieces
  3830 | D:5      | 3830 ||| READING 2 scrolls of identify.
  3830 | D:5      | 3830 ||| IDENTIFYING fuming green potion
  3831 | D:5      | 3831 ||| DROPPING potion of lignification.
  3852 | D:6      | 3852 ||| STAIRDANCE
  3858 | D:5      | Reached skill level 3 in Fighting
  3907 | D:6      | 3907 ||| STAIRDANCE
  3993 | D:6      | Found a broken altar of Ashenzari.
  4013 | D:6      | Reached skill level 9 in Ranged Weapons
  4038 | D:6      | Found a staircase to the Ecumenical Temple.
  4040 | D:6      | 4040 ||| PLANNING TEMPLE
  4040 | D:6      | 4040 ||| READING scroll of identify.
  4040 | D:6      | 4040 ||| IDENTIFYING bubbling grey potion
  4041 | D:6      | 4041 ||| DROPPING potion of attraction.
  4051 | Temple   | Entered the Ecumenical Temple
  4052 | Temple   | 4052 ||| PLANNING D:1-11
  4170 | D:6      | 4170 ||| RETREEEEATING.
  4172 | D:6      | 4172 ||| RETREEEEATING.
  4179 | D:6      | Reached skill level 9 in Dodging
  4186 | D:6      | 4186 ||| FLEEEEING.
  4351 | D:6      | Noticed Dowan
  4353 | D:6      | Noticed Duvessa
  4363 | D:6      | HP: 7/40 [Duvessa/+0 rapier (5)]
  4364 | D:6      | 4364 ||| READING 2 scrolls of teleportation.
  4365 | D:6      | 4365 ||| DRINKING 4 potions of heal wounds.
  4579 | D:6      | 4579 ||| READING scroll of identify.
  4579 | D:6      | 4579 ||| IDENTIFYING scroll labelled DIDAIGUTUN
  4580 | D:6      | 4580 ||| DROPPING scroll of blinking.
  4645 | D:7      | Found a sacrificial altar of Ru.
  4666 | D:7      | 4666 ||| RETREEEEATING.
  4667 | D:7      | 4667 ||| RETREEEEATING.
  4668 | D:7      | 4668 ||| RETREEEEATING.
  4669 | D:7      | 4669 ||| FLEEEEING.
  4670 | D:7      | 4670 ||| FLEEEEING.
  4671 | D:7      | 4671 ||| RETREEEEATING.
  4682 | D:7      | Reached XP level 9. HP: 24/44 MP: 10/10
  4691 | D:7      | 4691 ||| FLEEEEING.
  4692 | D:7      | 4692 ||| FLEEEEING.
  4693 | D:7      | 4693 ||| FLEEEEING.
  4696 | D:7      | 4696 ||| FLEEEEING.
  4697 | D:7      | 4697 ||| FLEEEEING.
  4698 | D:7      | 4698 ||| STAIRDANCE
  4815 | D:7      | Found a runed translucent gate.
  4815 | D:7      | Found a runed translucent gate.
  4816 | D:7      | Found a runed translucent gate.
  4817 | D:7      | 4817 ||| SWAPPING to +0 orcbow.
  4818 | D:7      | 4818 ||| DROPPING +0 shortbow of flaming.
  4820 | D:7      | Noticed qw's ghost (amateur DEHu)
  4835 | D:7      | Reached skill level 10 in Dodging
  4843 | D:7      | Found an ancient bone altar of Kikubaaqudgha.
  4946 | D:7      | 4946 ||| FLEEEEING.
  4950 | D:7      | 4950 ||| FLEEEEING.
  4951 | D:7      | 4951 ||| FLEEEEING.
  4952 | D:7      | 4952 ||| FLEEEEING.
  4953 | D:7      | 4953 ||| FLEEEEING.
  4955 | D:7      | 4955 ||| FLEEEEING.
  4963 | D:7      | 4963 ||| RETREEEEATING.
  4964 | D:7      | 4964 ||| RETREEEEATING.
  4969 | D:7      | 4969 ||| RETREEEEATING.
  4985 | D:7      | HP: 8/44 [orc warrior/+0 flail (14)]
  4986 | D:7      | 4986 ||| READING scroll of teleportation.
  4987 | D:7      | 4987 ||| DRINKING 3 potions of heal wounds.
  5338 | D:7      | 5338 ||| UPGRADING to ring of resist corrosion.
  5339 | D:7      | 5339 ||| UPGRADING to +6 ring of dexterity.
  5340 | D:7      | 5340 ||| READING 2 scrolls of identify.
  5340 | D:7      | 5340 ||| IDENTIFYING smoky orange potion
  5341 | D:7      | 5341 ||| READING scroll of identify.
  5341 | D:7      | 5341 ||| IDENTIFYING scroll labelled JAITICZOWED
  5342 | D:7      | 5342 ||| READING scroll labelled QIMOIQIPELO.
  5342 | D:7      | 5342 ||| ENCHANTING +1 hat.
  5343 | D:7      | 5343 ||| DROPPING scroll of fear.
  5344 | D:7      | 5344 ||| DROPPING potion of magic.
  5464 | D:8      | 5464 ||| RETREEEEATING.
  5465 | D:8      | 5465 ||| RETREEEEATING.
  5469 | D:8      | 5469 ||| RETREEEEATING.
  5475 | D:8      | 5475 ||| RETREEEEATING.
  5476 | D:8      | 5476 ||| RETREEEEATING.
  5477 | D:8      | 5477 ||| RETREEEEATING.
  5484 | D:8      | 5484 ||| RETREEEEATING.
  5485 | D:8      | 5485 ||| RETREEEEATING.
  5486 | D:8      | 5486 ||| RETREEEEATING.
  5487 | D:8      | 5487 ||| RETREEEEATING.
  5488 | D:8      | 5488 ||| RETREEEEATING.
  5489 | D:8      | 5489 ||| RETREEEEATING.
  5498 | D:8      | Reached skill level 11 in Dodging
  5502 | D:8      | HP: 9/45 [gnoll sergeant/+0 spear (13)]
  5503 | D:8      | 5503 ||| READING scroll of teleportation.
  5504 | D:8      | 5504 ||| DRINKING 2 potions of heal wounds.
  5596 | D:8      | Identified the +9 broad axe of Excruciating Pain {flame,
                  | rF+ Str+2 Stlth-}
  5597 | D:8      | 5597 ||| FLEEEEING.
  5598 | D:8      | 5598 ||| FLEEEEING.
  5669 | D:8      | 5669 ||| RETREEEEATING.
  5672 | D:8      | Reached skill level 12 in Dodging
  5673 | D:8      | 5673 ||| RETREEEEATING.
  5692 | D:8      | HP: 8/45 [wyvern (5)]
  5693 | D:8      | 5693 ||| DRINKING potion of heal wounds.
  5747 | D:8      | Reached XP level 10. HP: 36/50 MP: 11/11
  5802 | D:8      | Found a staircase to the Lair.
  5847 | D:8      | HP: 10/50 [steam dragon] (3)]
  5847 | D:8      | HP: 4/50 [steam dragon (7)]
  5848 | D:8      | Engulfed by a cloud of steam

Levels and vault maps discovered:
D:1:      amcnicky_arrival_wind_blow, layout_basic, hangedman_decor_points
D:2:      layout_rooms, uniq_terence
D:3:      layout_basic, nicolae_wu_jian_wuxing_cycle, serial_park_tiny_2
D:4:      layout_cave_pools, lemuel_round_altar, nicolae_tso_besieged_by_evil,
          gup_sewer_entry_bowl, minmay_rat_hole
D:5:      cheibrodos_two_vegetables, layout_rooms, mainiacjoe_overflow_brackets,
          mainiacjoe_overflow_small_starburst, serial_shops, shop
D:6:      layout_rooms, mainiacjoe_overflow_surrounded_room,
          minmay_temple_entry_wispy, uniq_duvessa
D:7:      layout_basic, kennysheep_little_box, old_standard_altar,
          gammafunk_ghost_necromancy, st_stairs_4
D:8:      layout_loops_ring, due_lair_maze_entry_diamond,
          roderic_three_in_a_row, roderic_batcave, minmay_misc_feat_doors,
          kennysheep_decorative_pillar, uniq_prince_ribbit1
Temple:   hc_temple_tempest_star

Skill      XL: |  1  2  3  4  5  6  7  8  9 |
---------------+----------------------------+-----
Dodging        | 3 4 5 6 8 9 12 | 12.1
Ranged Weapons | 5 6 7 8 10 | 10.9
Fighting       | 2 3 4 |  4.2
Stealth        | |  1.5

Action                     |  1- 3 |  4- 6 |  7- 9 | 10-12 || total
---------------------------+-------+-------+-------+-------++-------
   Fire: Shortbow          |    93 |   185 |   324 |       ||   602
         Orcbow            |       |       |   161 |     9 ||   170
    Use: Scroll            |     5 |     4 |    12 |       ||    21
         Potion            |     1 |     1 |     4 |       ||     6
 Armour: Robe              |     6 |    17 |    72 |     9 ||   104
  Dodge: Dodged            |    24 |    47 |   232 |     6 ||   309
  Block: Other             |       |    16 |    62 |       ||    78
         Reflection        |       |       |     1 |       ||     1

Table legend:
 A = Non-vault XP
 B = Vault XP
 C = Vault XP percentage of total XP
 D = Non-vault monster count
 E = Vault monster count
 F = Vault count percentage of total count
                 A         B        C        D         E       F
            +---------+---------+-------+---------+---------+-------
      Total |    4131 |    1680 |  28.9 |     144 |      69 |  32.4
            +---------+---------+-------+---------+---------+-------
        D:1 |      35 |       0 |   0.0 |      22 |       0 |   0.0
        D:2 |      86 |      36 |  29.5 |      20 |       1 |   4.8
        D:3 |      72 |       0 |   0.0 |      22 |       0 |   0.0
        D:4 |     509 |      83 |  14.0 |      17 |      31 |  64.6
        D:5 |     659 |       0 |   0.0 |      15 |       0 |   0.0
        D:6 |     958 |       0 |   0.0 |      21 |       0 |   0.0
        D:7 |    1137 |     156 |  12.1 |      20 |       3 |  13.0
        D:8 |     675 |    1222 |  64.4 |       7 |       9 |  56.2
      Sewer |       0 |     183 | 100.0 |       0 |      25 | 100.0
            +---------+---------+-------+---------+---------+-------
